 Dungeon Crawl Stone Soup version 0.29.1-15-g9cfb28693d (webtiles) character file.

Game seed: 15200624945318357374

625 redmage the Digger (level 8, -12/57 HPs)
             Began as a Meteoran Earth Elementalist on Sept 13, 2023.
             Was an Initiate of Sif Muna.
             Mangled by a troll (18 damage)
             ... on level 9 of the Dungeon.
             The game lasted 00:10:19 (729 turns).

redmage the Digger (Meteoran Earth Elementalist)     Turns: 729, Time: 00:10:19

Health: -12/57     AC:  5    Str: 16    XL:     8   Next: 5%
Magic:  0/17       EV: 13    Int: 19    God:    Sif Muna [......]
Gold:   73         SH:  0    Dex: 18    Spells: 12/18 levels left

rFire   + . .      SeeInvis .   h - +8 long sword of Qoczahum {venom, rC+ Dex+4}
rCold   + . .      Faith    .   (no shield)
rNeg    . . .      Spirit   .   a - +0 robe
rPois   .          Reflect  .   d - +1 helmet
rElec   .          Harm     .   r - scarf {repulsion}
rCorr   .          Rampage  .   j - +0 pair of gloves
Will    +....                   (no boots)
Stlth   +.........              (no amulet)
HPRegen 0.19/turn               k - ring of protection from fire
MPRegen 0.15/turn               n - +6 ring of strength

@: very slightly contaminated, glowing, repel missiles
A: sense surroundings 1, otherworldly, glowing, explore regen
a: Renounce Religion


You were on level 9 of the Dungeon.
You worshipped Sif Muna.
Sif Muna was noncommittal.
You visited 2 branches of the dungeon, and saw 10 of its levels.

You collected 73 gold pieces.

Inventory:

Hand Weapons
 h - the +8 long sword of Qoczahum (weapon) {venom, rC+ Dex+4}
   (You found it on level 3 of the Dungeon)

   It poisons the flesh of those it strikes.
   Dex:       It affects your dexterity (+4).
   rC:        It protects you from cold.
 o - a +2 morningstar of holy wrath
Armour
 a - a +0 robe (worn)
 d - a +1 helmet (worn)
 j - a +0 pair of gloves (worn)
 r - a scarf of repulsion (worn)
Jewellery
 k - a ring of protection from fire (left hand)
 n - a +6 ring of strength (right hand)
Wands
 m - a wand of light (11)
 p - a wand of flame (28)
 q - a wand of polymorph (10)
Scrolls
 f - 3 scrolls of teleportation {unknown}
Potions
 b - a potion of magic
 c - a potion of attraction {unknown}
 e - a potion of brilliance {unknown}
 g - 2 potions of curing {unknown}
 i - a potion of haste {unknown}
 l - a potion of cancellation {unknown}


   Skills:
 + Level 4.0 Long Blades
 - Level 2.4 Dodging
 - Level 1.4 Stealth
 + Level 5.7 Spellcasting
 + Level 3.9 Conjurations
 - Level 1.2 Transmutations
 + Level 6.2 Earth Magic


You had 12 spell levels left.
You knew the following spells:

 Your Spells              Type           Power      Damage    Failure   Level
a - Sandblast             Erth           58%        2d13      1%          1
b - Passwall              Tmut/Erth      15%        N/A       3%          2
c - Stone Arrow           Conj/Erth      48%        3d10      4%          3

Your spell library contained the following spells:

 Spells                   Type           Power      Damage    Failure   Level
 Magic Dart               Conj           80%        1d7       2%          1
 Searing Ray              Conj           40%        2d5       3%          2
 Petrify                  Tmut/Erth      19%        N/A       24%         4
 Fulminant Prism          Conj/Hex       6%         3d7       45%         4


Dungeon Overview and Level Annotations

Branches:
Dungeon (9/15) Zot: 4697   Temple (1/1) D:5 Zot: 539
   Lair: D:8-11         Orc: D:9-12

Altars:
Ashenzari
Elyvilon
Fedhas
Gozag
Hepliaklqana
Kikubaaqudgha
Makhleb
Nemelex Xobeh
Okawaru
Ru
Sif Muna
Trog
Vehumet
Wu Jian
Yredelemnul
Zin


Innate Abilities, Weirdness & Mutations

You passively map a small area around you.
You are easily found by Zot.
You glow in the dark.
You regain HP and MP as you explore.


Message History

Unknown command.
Casting: Stone Arrow (dangerous; 4% risk of failure)
Confirm with . or Enter, or press ? or * to list all spells.
Aiming: Stone Arrow (dangerous; 4% risk of failure)
Press: ? - help, Shift-Dir - straight line, f/p - two-headed ogre
Aim: a two-headed ogre, wielding a +0 giant club and a +0 giant spiked club (severely wounded, 86% to hit)
You miscast Stone Arrow.
You are very lightly contaminated with residual magic.
Nothing appears to happen.
Casting: Stone Arrow (dangerous; 4% risk of failure)
Confirm with . or Enter, or press ? or * to list all spells.
Aiming: Stone Arrow (dangerous; 4% risk of failure)
Press: ? - help, Shift-Dir - straight line, f/p - two-headed ogre
Aim: a two-headed ogre, wielding a +0 giant club and a +0 giant spiked club (severely wounded, 86% to hit)
The stone arrow hits the two-headed ogre!
The two-headed ogre is almost dead.
The two-headed ogre misses you.
The two-headed ogre hits you with a +0 giant spiked club!!
Ouch! That really hurt!
Casting: Stone Arrow (dangerous; 4% risk of failure)
Confirm with . or Enter, or press ? or * to list all spells.
Aiming: Stone Arrow (dangerous; 4% risk of failure)
Press: ? - help, Shift-Dir - straight line, f/p - two-headed ogre
Aim: a two-headed ogre, wielding a +0 giant club and a +0 giant spiked club (almost dead, 86% to hit)
You miscast Stone Arrow.
Nothing appears to happen.
The troll barely misses you. The troll completely misses you.
The troll closely misses you.
Unknown command.
Unknown command.
Casting: Stone Arrow (dangerous; 4% risk of failure)
Confirm with . or Enter, or press ? or * to list all spells.
Aiming: Stone Arrow (dangerous; 4% risk of failure)
Press: ? - help, Shift-Dir - straight line, f/p - two-headed ogre
Aim: a two-headed ogre, wielding a +0 giant club and a +0 giant spiked club (almost dead, 86% to hit)
You miscast Stone Arrow.
Nothing appears to happen.
The two-headed ogre barely misses you.
The two-headed ogre hits you with a +0 giant spiked club!
* * * LOW HITPOINT WARNING * * *
The troll bites you!!
You die...

, , , + ,
#.......$.# ,
#.........#, ,
..........# ,
, #........#
,, ,
#........#, #
,
#........#,..
, , ,,
#........#.#.#
,,
#.....@.......
* * ,,
#.....OT##...#
* ,
#.......o.# ,.
#...........#
,
########.##...
,,, .. .., * ,
, ,... *. , ,
, .:.. , ....
,


You could see a two-headed ogre, a troll and an orc.

Vanquished Creatures
  A water moccasin (D:8)
  A phantom (D:6)
  2 bullfrogs
  2 necrophages (D:6)
  3 orc priests
  Jessica (D:2)
  2 adders
  A shadow imp (D:6)
  2 white imps (D:6)
  12 orcs
  A giant cockroach (D:2)
  A goblin (D:2)
  A hobgoblin (D:2)
  3 jackals
  2 kobolds
  2 quokkas
  A ball python (D:2)
  2 bats
  A frilled lizard (D:2)
41 creatures vanquished.

Vanquished Creatures (others)
  4 plants
4 creatures vanquished.

Grand Total: 45 creatures vanquished

Notes
Turn   | Place    | Note
-------+----------+-------------------------------------------
     0 | D:1      | redmage the Meteoran Earth Elementalist began the quest for
                  | the Orb.
     0 | D:1      | Reached XP level 1. HP: 14/14 MP: 5/5
    57 | D:2      | Noticed Jessica
    77 | D:2      | Reached XP level 2. HP: 16/20 MP: 4/7
    84 | D:2      | HP: 1/20 [Jessica/+0 club (3)]
    85 | D:2      | Killed Jessica
    86 | D:2      | Reached skill level 4 in Earth Magic
    86 | D:2      | Reached XP level 3. HP: 2/26 MP: 0/9
    89 | D:2      | Learned a level 2 spell: Passwall
    93 | D:2      | Learned a level 3 spell: Stone Arrow
   153 | D:3      | Identified the +8 long sword of Qoczahum {venom, rC+ Dex+4}
   206 | D:3      | Reached XP level 4. HP: 16/33 MP: 7/10
   297 | D:5      | Entered Level 5 of the Dungeon
   305 | D:6      | Noticed a necrophage
   315 | D:6      | Killed a necrophage
   316 | D:6      | Reached skill level 1 in Long Blades
   316 | D:6      | Reached skill level 1 in Conjurations
   316 | D:6      | Reached XP level 5. HP: 31/38 MP: 6/12
   346 | D:6      | Noticed a bullfrog
   351 | D:6      | Killed a bullfrog
   352 | D:6      | Reached skill level 5 in Earth Magic
   352 | D:6      | Reached XP level 6. HP: 45/45 MP: 2/13
   444 | D:6      | Reached skill level 5 in Spellcasting
   444 | D:6      | Reached XP level 7. HP: 50/50 MP: 2/15
   499 | D:5      | Found a staircase to the Ecumenical Temple.
   505 | Temple   | Entered the Ecumenical Temple
   553 | Temple   | Became a worshipper of Sif Muna the Loreminder
   613 | D:7      | Found a blossoming altar of Fedhas.
   690 | D:8      | Noticed a water moccasin
   694 | D:8      | Killed a water moccasin
   695 | D:8      | Reached skill level 6 in Earth Magic
   714 | D:8      | Reached XP level 8. HP: 57/57 MP: 14/17
   720 | D:9      | Noticed a two-headed ogre
   721 | D:9      | Noticed a troll
   729 | D:9      | Mangled by a troll

Illustrated notes

Levels and vault maps discovered:
D:1:      lightli_arrival_windingriver, layout_basic
D:2:      layout_rooms, serial_shops, nicolae_shop_bloodbath_and_beyond,
          minmay_statues_item, minmay_hexomino_c4, uniq_jessica
D:3:      layout_loops_cross, hellmonk_ecumenical_altar_lost_god, serial_shops,
          nicolae_shop_crystal, hellmonk_ghost_happy_afterlife
D:4:      layout_loops_ring, nicolae_concentric_dashed_squares_mild, uniq_ijyb
D:5:      layout_loops_ring, lemuel_coloured_pillars_altar,
          minmay_temple_entry_waves, uniq_sigmund
D:6:      layout_cave_pools, xom_teletrap_fun, chequers_serial_rivers_small_3
D:7:      layout_cave_pods, lemuel_crystal_altar, kennysheep_mini,
          hangedman_decor_riveting, chequers_big_river
D:8:      hellmonk_destroyed_diamonds, layout_rooms, kennysheep_little_box
D:9:      layout_irregular_city, nicolae_tso_swordbearing_angel,
          erik_lair_orcish_takeover, orc_0_dummy, minivault_1,
          hangedman_decor_peaks_small
Temple:   nicolae_temple_superstar

Skill      XL: |  1  2  3  4  5  6  7 |
---------------+----------------------+-----
Spellcasting   | 3 4 5 |  5.7
Earth Magic    | 4 5 6 |  6.2
Long Blades    | 1 2 4 |  4.0
Conjurations   | 1 2 3 |  3.9
Dodging        | |  2.4
Stealth        | |  1.4
Transmutations | |  1.2

Action                   |  1- 3 |  4- 6 |  7- 9 || total
-------------------------+-------+-------+-------++-------
Melee: Unarmed           |     1 |       |       ||     1
       Long sword        |     6 |       |     1 ||     7
 Cast: Sandblast         |    25 |    15 |    16 ||    56
       Passwall          |     1 |       |       ||     1
       Stone Arrow       |       |     7 |    13 ||    20
Evoke: Wand              |       |       |     2 ||     2
  Use: Scroll            |       |     4 |       ||     4
Armor: Robe              |     6 |       |       ||     6
Dodge: Dodged            |    18 |     4 |     7 ||    29
